Map: Dusk Towers

Players

Miszu - Winner!

  • Race: Terran Terran
  • League: Master

Bordan

  • Race: Protoss Protoss
  • League: Master

VOD

Have the link to the VOD?

Description

Time

  • Played on: Feb. 4, 2016, 1:43 p.m.
  • Length: 14:01
Show
View Real Time Build Order
Export as new Build Order

Miszu Terran - Winner!

Build Orders: Command Center First (CC), MMM Bio 

Get SALT Encoding   

  12  0:01  SCV  
  13  0:13  SCV  
  14  0:18  Supply Depot  
  14  0:25  SCV  
  15  0:40  SCV  
  16  0:52  SCV  
  17  1:00  Command Center  
  17  1:04  SCV  
  18  1:14  Barracks  
  18  1:17  SCV  
  19  1:27  Barracks  
  19  1:31  SCV  
  20  1:43  SCV  
  20  1:45  Barracks  
  21  1:55  SCV  
  22  2:02  Marine  
  23  2:10  Orbital Command  
  23  2:13  Orbital Command  
  23  2:15  Marine  
  24  2:20  Marine  
  25  2:32  Marine  
  26  2:38  SCV x2  
  26  2:41  Marine  
  26  2:42  Marine  
  30  2:44  Refinery  
  30  2:46  Refinery  
  30  2:50  Marine, SCV  
  30  2:51  SCV  
  33  2:54  Supply Depot  
  33  3:02  SCV  
  33  3:03  SCV  
  33  3:04  Marine  
  36  3:06  Marine  
  36  3:10  Marine  
  38  3:15  Supply Depot  
  38  3:16  SCV x2  
  40  3:23  Barracks Tech Lab  
  40  3:28  SCV x2  
  40  3:30  Marine  
  40  3:31  Marine  
  44  3:40  SCV x2  
  46  3:41  Marine  
  46  3:42  Refinery, Stimpack  
  46  3:48  Marine  
  47  3:51  Marine  
  47  3:52  SCV x2  
  51  3:55  Factory  
  51  3:58  Supply Depot  
  51  3:59  Marine  
  52  4:04  SCV x2  
  52  4:05  Engineering Bay  
  54  4:20  Marine x3, SCV x2  
  54  4:22  Supply Depot  
  54  4:23  Supply Depot  
  59  4:31  Terran Infantry Weapons Level 1  
  59  4:32  SCV x2  
  59  4:37  Marine  
  62  4:39  Starport  
  62  4:40  Factory Reactor  
  62  4:43  Marine x2  
  62  4:44  SCV x2  
  66  4:46  Supply Depot  
  66  4:47  Supply Depot  
  66  4:56  SCV x2  
  68  5:03  Marine x2  
  68  5:04  Marine  
  68  5:05  Liberator x2  
  68  5:06  Missile Turret x2  
  71  5:08  SCV x2  
  71  5:10  Supply Depot  
  71  5:13  Refinery  
  73  5:20  SCV x2  
  75  5:25  Marauder  
  83  5:30  Supply Depot  
  83  5:32  Supply Depot  
  83  5:33  SCV  
  83  5:34  SCV  
  85  5:38  Marine x2  
  87  5:44  Command Center  
  87  5:45  SCV  
  87  5:46  Combat Shields  
  87  5:49  SCV  
  89  5:53  Supply Depot  
  89  6:01  SCV  
  90  6:05  Medivac  
  92  6:13  Barracks Reactor, Medivac  
  92  6:14  Barracks Tech Lab  
  92  6:15  Refinery, SCV x2, Missile Turret  
  96  6:20  Refinery  
  96  6:22  Barracks  
  96  6:23  Barracks  
  96  6:27  SCV  
  96  6:30  Liberator x2  
  97  6:33  SCV  
  98  6:42  SCV  
  98  6:44  Supply Depot x2  
  99  6:51  Fusion Core  
  105  6:57  Starport  
  105  7:01  Orbital Command  
  105  7:07  Marauder  
  107  7:15  Marine, Marauder  
  106  7:16  Barracks Reactor, Barracks Tech Lab  
  106  7:20  SCV x2  
  109  7:23  Liberator  
  109  7:24  Terran Infantry Armor Level 1, Liberator  
  109  7:28  Marauder  
  109  7:29  SCV  
  112  7:32  Supply Depot, SCV x2  
  112  7:33  Starport Tech Lab  
  112  7:34  Supply Depot  
  114  7:41  SCV  
  114  7:42  Liberator  
  121  7:44  SCV x2  
  121  7:50  Marauder  
  121  7:51  Marine x2  
  126  7:53  Marine x2, SCV  
  126  7:56  Advanced Ballistics  
  126  7:57  Supply Depot  
  130  7:59  Supply Depot  
  133  8:06  Liberator  
  133  8:08  Liberator  
  133  8:12  Marine, Marauder x2  
  138  8:14  Marauder  
  138  8:16  Marine  
  141  8:20  Supply Depot  
  141  8:23  Supply Depot  
  141  8:25  Liberator  
  147  8:30  Marine  
  147  8:31  Marine  
  147  8:33  Marauder  
  151  8:42  Marine x2  
  151  8:43  Marauder x2  
  151  8:47  Command Center  
  160  8:49  Liberator  
  160  8:50  Liberator  
  160  8:52  Barracks  
  160  8:53  Barracks  
  160  8:54  Barracks  
  159  8:56  Marauder  
  161  9:04  Marauder  
  161  9:05  Marauder  
  161  9:08  Liberator  
  171  9:12  Engineering Bay  
  171  9:14  Armory  
  170  9:21  Marine  
  170  9:22  Marauder  
  173  9:25  Missile Turret  
  173  9:26  Missile Turret  
  173  9:28  Missile Turret x2  
  173  9:31  Missile Turret  
  176  9:32  Liberator  
  176  9:33  Liberator, Missile Turret  
  176  9:44  Marauder  
  178  9:52  Marauder, Liberator  
  186  9:55  Barracks Tech Lab x2, Concussive Shells  
  186  9:56  Barracks Reactor  
  186  9:57  Marauder  
  186  10:06  Marauder  
  185  10:10  Marine  
  185  10:13  Marauder  
  191  10:18  Marauder  
  193  10:27  Marine, Marauder  
  196  10:31  Marine  
  196  10:32  Marine, Marauder  
  200  10:46  Terran Infantry Armor Level 2, Terran Infantry Weapons Level 2  
  200  10:48  Planetary Fortress  
  195  11:22  Refinery  
  165  11:25  SCV  
  165  11:31  Refinery  
  136  11:39  SCV  
  132  11:43  Medivac x2, Marauder  
  132  11:44  Medivac  
  136  12:06  Marine, Marauder  
  136  12:07  Marine x9  
  139  12:13  Medivac x3  
  135  12:24  Marine  
  135  12:25  Marine x6, Marauder x3  
  147  12:37  SCV x2  
  147  12:41  Marauder  
  146  12:42  Marine  
  146  12:43  Medivac x3  
  146  12:56  Liberator  
  146  13:13  Medivac x2  
Show
View Real Time Build Order
Export as new Build Order

Bordan Protoss 

Build Orders: 1 Gate Expand, Double Forge, Colossus Rush 

Get SALT Encoding   

  12  0:02  Probe (Chrono Boost)  
  13  0:12  Probe (Chrono Boost)  
  14  0:18  Pylon  
  14  0:23  Probe (Chrono Boost)  
  15  0:36  Probe (Chrono Boost)  
  15  0:37  Gateway  
  16  0:46  Probe (Chrono Boost), Assimilator  
  17  0:57  Probe (Chrono Boost)  
  18  1:08  Probe (Chrono Boost)  
  19  1:18  Probe (Chrono Boost)  
  20  1:27  Nexus  
  20  1:36  Cybernetics Core  
  20  1:39  Probe (Chrono Boost)  
  21  1:45  Assimilator  
  21  1:50  Probe (Chrono Boost)  
  22  1:56  Pylon  
  22  2:00  Probe (Chrono Boost)  
  23  2:13  Warp Gate  
  23  2:15  Mothership Core (Chrono Boost)  
  25  2:17  Adept  
  27  2:33  Probe (Chrono Boost)  
  28  2:39  Probe (Chrono Boost)  
  28  2:43  Probe (Chrono Boost)  
  28  2:44  Adept  
  31  2:50  Probe (Chrono Boost)  
  32  2:52  Robotics Facility  
  32  2:54  Probe (Chrono Boost)  
  33  3:00  Probe (Chrono Boost)  
  33  3:05  Probe (Chrono Boost)  
  35  3:11  Probe (Chrono Boost)  
  36  3:15  Probe (Chrono Boost)  
  37  3:21  Probe (Chrono Boost)  
  37  3:24  Pylon  
  37  3:26  Probe (Chrono Boost)  
  39  3:29  Adept  
  39  3:32  Probe (Chrono Boost)  
  42  3:36  Pylon, Probe (Chrono Boost)  
  42  3:40  Observer  
  44  3:42  Probe (Chrono Boost)  
  44  3:43  Pylon  
  44  3:47  Probe (Chrono Boost)  
  46  3:53  Probe (Chrono Boost)  
  47  3:57  Probe (Chrono Boost)  
  47  4:01  Observer  
  47  4:02  Forge  
  49  4:03  Forge, Probe (Chrono Boost)  
  49  4:06  Robotics Bay  
  49  4:08  Pylon, Probe (Chrono Boost)  
  51  4:14  Probe (Chrono Boost)  
  52  4:17  Assimilator  
  52  4:18  Probe (Chrono Boost)  
  52  4:20  Assimilator  
  52  4:22  Adept, Observer  
  56  4:30  Pylon, Probe (Chrono Boost)  
  57  4:36  Probe (Chrono Boost)  
  58  4:40  Protoss Ground Weapons Level 1 (Chrono Boost), Probe (Chrono Boost)  
  59  4:46  Probe (Chrono Boost)  
  59  4:49  Protoss Ground Armor Level 1 (Chrono Boost)  
  59  4:51  Gateway, Probe  
  61  4:53  Gateway  
  61  4:58  Probe  
  62  5:03  Probe  
  63  5:08  Colossus (Chrono Boost)  
  63  5:10  Probe  
  70  5:15  Probe  
  70  5:17  Pylon  
  71  5:22  Probe  
  71  5:26  Extended Thermal Lance  
  71  5:27  Probe  
  73  5:29  Adept  
  73  5:34  Probe  
  76  5:39  Probe  
  77  5:46  Probe  
  78  5:52  Nexus  
  78  5:53  Pylon  
  78  5:55  Colossus (Chrono Boost)  
  84  5:59  Adept, Sentry  
  88  6:04  Adept  
  88  6:05  Probe  
  88  6:10  Twilight Council  
  91  6:11  Pylon  
  91  6:18  Probe x2  
  93  6:23  Pylon  
  93  6:24  Pylon  
  93  6:30  Probe  
  93  6:31  Pylon  
  94  6:34  Pylon  
  94  6:39  Pylon  
  93  6:43  Probe  
  93  6:46  Stalker x2  
  93  6:47  Stalker, Pylon  
  100  6:54  Probe  
  100  6:55  Probe  
  100  6:59  Protoss Ground Weapons Level 2 (Chrono Boost)  
  100  7:00  Protoss Ground Armor Level 2 (Chrono Boost)  
  102  7:06  Probe  
  102  7:07  Probe  
  102  7:16  Stalker x2  
  102  7:17  Stalker  
  102  7:18  Probe  
  102  7:19  Probe  
  110  7:25  Resonating Glaives  
  110  7:28  Probe  
  111  7:31  Probe x2  
  111  7:37  Colossus, Assimilator  
  113  7:38  Probe  
  113  7:41  Assimilator  
  113  7:44  Adept x3  
  126  7:56  Stargate  
  126  8:07  Gateway x2  
  126  8:12  Zealot x2  
  128  8:13  Gateway, Zealot  
  128  8:15  Gateway  
  128  8:16  Gateway  
  132  8:20  Pylon, Probe x2  
  134  8:31  Observer  
  135  8:36  Zealot  
  135  8:37  Zealot x2  
  135  8:39  Pylon, Phoenix  
  135  8:40  Templar Archives  
  143  8:42  Pylon  
  143  8:44  Protoss Ground Weapons Level 3 (Chrono Boost), Protoss Ground Armor Level 3 (Chrono Boost)  
  143  8:53  Nexus  
  143  9:05  Charge, Stalker x2  
  143  9:09  Psionic Storm  
  147  9:17  Pylon  
  147  9:20  Zealot x2  
  147  9:21  Zealot x4  
  159  9:32  High Templar  
  159  9:33  High Templar  
  159  9:37  Pylon  
  163  9:41  Assimilator  
  163  9:44  High Templar  
  163  9:45  Zealot x3  
  169  9:46  Assimilator  
  164  9:55  Zealot x2  
  168  10:08  High Templar x2, Zealot x3  
  178  10:21  Stalker  
  178  10:22  Stalker x2, Pylon  
  180  10:30  Gateway  
  180  10:35  Stalker x3  
  186  10:46  Blink  
  186  10:48  Zealot x3  
  186  10:49  Zealot x2  
  196  10:58  Stalker  
  196  11:00  Stalker  
  198  11:05  Stalker  
  138  11:29  Stalker x5  
  138  11:30  Stalker x3  
  108  11:52  Zealot  
  108  11:53  Zealot x5  
  116  11:54  Zealot x2  
  91  12:17  Stalker x3  
  91  12:18  Stalker x5  
  101  12:30  Mothership Core  
Tags
 
Add a new tag
Caveats
  • Supply blocks, unpowered buildings, or Contaminate may cause inaccurate times.
  • Supply counts are checked every 10 seconds.